 Dungeon Crawl Stone Soup version 0.31-a0-1529-g7bd419a0e5 (webtiles) character file.

Game seed: 730299263627869408

1464 demibob the Twirler (level 8, -2/87 HPs)
             Began as a Demonspawn Chaos Knight on Dec 31, 2023.
             Was a Plaything of Xom.
             Slain by a manticore (7 damage)
             ... on level 7 of the Dungeon.
             The game lasted 00:12:09 (5858 turns).

demibob the Twirler (Demonspawn Chaos Knight)       Turns: 5858, Time: 00:12:10

Health: -2/87      AC: 28    Str: 16    XL:     8   Next: 48%
Magic:  8/8        EV:  2    Int: 13    God:    Xom [......]
Gold:   296        SH:  4    Dex: 17    Spells: 7/7 levels left

rFire   + . .        b - staff of conjuration {!a}
rCold   + . .        (no shield)
rNeg    . . .        r - melded +5 ring mail of the Impish God {rF+ rN+++ Str+3 Stlth-}
rPois   +            f - melded +0 helmet
rElec   +            (cloak currently unavailable)
rCorr   +            m - melded +0 pair of gloves
SInv    +            (boots currently unavailable)
Will    .....        (no amulet)
Stlth   +++          E - +5 ring of evasion
HPRegen 0.34/turn    v - ring of see invisible
MPRegen 0.11/turn

%: no passive effects
@: tree-form, resistant, spiked, attractive
A: stationary, stasis, torment immunity, boosted hp, (claws 2), thin skeletal
structure 1, icemail 1, condensation shield, agile 1, mutation resistance 1,
strong 1, MP-powered wands
a: Renounce Religion


You were on level 7 of the Dungeon.
You worshipped Xom.
You were a very special plaything of Xom.
You were a tree.
You visited 1 branch of the dungeon, and saw 7 of its levels.

You collected 296 gold pieces.


Innate Abilities, Weirdness & Mutations

You are a tree.
Your roots penetrate the ground, keeping you stationary.
You cannot be teleported.
You are immune to unholy pain and torment.
Your maximum health is greatly increased.
Your equipment is partially melded.
((You have very sharp fingernails.))
You have a somewhat thin skeletal structure. (Dex +2, Stealth+)
A meltable icy envelope protects you from harm. (AC +4)
A meltable shield of frost defends you. (SH +4)
You are agile. (Dex +4, Str/Int -1)
You are somewhat resistant to further mutation.
Your muscles are strong. (Str +4, Int/Dex -1)
You expend magic power (3 MP) to strengthen your wands.


   Skills:
 - Level 3.0 Fighting
 - Level 3.6(5.6) Maces & Flails
 * Level 6.7(7.1) Staves
 - Level 1.7 Armour
 - Level 0.8 Dodging
 + Level 5.0 Conjurations
 + Level 4.3 Evocations


You had 7 spell levels left.
You didn't know any spells.
Your spell library contained the following spells:

 Spells                   Type           Power      Damage    Failure   Level
 Ensorcelled Hibernation  Hex/Ice        0%         N/A       43%         2
 Lesser Beckoning         Tloc           0%         N/A       43%         2
 Fugue of the Fallen      Necr           0%         N/A       67%         3
 Gell's Gravitas          Tloc           0%         N/A       67%         3
 Inner Flame              Hex/Fire       0%         N/A       67%         3
 Teleport Other           Tloc           0%         N/A       67%         3
 Flame Wave               Conj/Fire      9%         2d6       73%         4
 Anguish                  Hex/Necr       0%         N/A       97%         4
 Sticky Flame             Fire/Alch      0%         2d4       97%         4

Inventory:

Hand Weapons
 a - a +0 heavy mace
Armour
 f - a +0 helmet (melded)
 h - a scarf of harm
 m - a +0 pair of gloves (melded)
 r - the +5 ring mail of the Impish God (melded) {rF+ rN+++ Str+3 Stlth-}
   (You found it on level 6 of the Dungeon)

   Str+3:     It affects your strength (+3).
   rF+:       It protects you from fire.
   rN+++:     It renders you almost immune to negative energy.
   Stlth-:    It makes you less stealthy.
Magical Staves
 b - a staff of conjuration (weapon) {!a}
 q - a staff of fire {!a}
Jewellery
 v - a ring of see invisible (right branch)
 C - a ring of ice
 E - a +5 ring of evasion (left branch)
Scrolls
 d - 5 scrolls of noise
 g - a scroll of enchant armour
 l - a scroll of revelation
 n - a scroll of fog
Potions
 e - a potion of ambrosia

Dungeon Overview and Level Annotations

Branches:
Dungeon (7/15)             Temple (0/1) D:4

Altars:
Ru
Vehumet
Yredelemnul

Portals:
Ossuary: D:7

Annotations:
D:3 3 runed translucent doors, ShellytheWitch's ghost, amateur KoBr

#........# *,,,,,,* *,,,,,
#........# *......* #..,..
######........# *......* #.#+#.
#...,........[###......####.#.#.
*#...*#b#####.##............#.#.
#...##bb## #.##...,............
#...bb8..###.##.######.........
#.b.H................+.........
##b#8bbb8####H♣.######.........
*,#bb........#.........#+####.
*,#bb8..####.#...####..#,* ##
*,#.b#b## #.#<........#,*
*,##.#.# #.#)....##..#,*
*,*#.#.# #.#......#..#,*****
*,*#.#.#***#.#....#.......,,..
*,**,,,,,,,..#.$..####...#*...
*,****,******#....#***.#..*..,


You could see a manticore.


Message History

You nearly hit yourself!
The manticore barely misses you. The manticore claws you.
* * * LOW HITPOINT WARNING * * *
The manticore claws you but does no damage.
You swing at nothing.
You closely miss the manticore.
The manticore is heavily wounded.
The manticore bites you!
* * * LOW HITPOINT WARNING * * *
The manticore claws you but does no damage.
The manticore claws you.
* * * LOW HITPOINT WARNING * * *
You attack the rock wall.
You feel less confused.
The manticore bites you but does no damage.
The manticore claws you but does no damage. x2
You hit the manticore.
The manticore is heavily wounded.
You hit the manticore.
You blast the manticore.
The manticore is heavily wounded.
You feel yourself slow down. The manticore bites you.
* * * LOW HITPOINT WARNING * * *
The manticore claws you but does no damage. x2
You hit the manticore but do no damage.
The manticore is heavily wounded.
The manticore bites you but does no damage.
The manticore claws you!
You die...
Xom chortles!

Skill      XL: |  1  2  3  4  5  6  7  8 |
---------------+-------------------------+-----
Maces & Flails | 3 |  3.6
Staves         | 1 2 3 4 5 6 |  6.7
Conjurations   | 1 2 3 4 5 |  5.0
Evocations     | 1 2 3 4 |  4.3
Fighting       | |  3.0
Armour         | |  1.7
Dodging        | |  0.8

Action                     |  1- 3 |  4- 6 |  7- 9 || total
---------------------------+-------+-------+-------++-------
  Melee: Mace              |    90 |   220 |    88 ||   398
         Punch             |       |     3 |     5 ||     8
         Staff             |       |       |   127 ||   127
    Use: Scroll            |     5 |     5 |     5 ||    15
         Potion            |       |     5 |     9 ||    14
   Stab: Sleeping          |       |     1 |     8 ||     9
         Confused          |       |       |     4 ||     4
 Armour: Leather armour    |    35 |   140 |    76 ||   251
         Skin              |       |    24 |    20 ||    44
         Ring mail         |       |       |    23 ||    23
  Dodge: Dodged            |    73 |   281 |   196 ||   550
  Block: Other             |    13 |    49 |    40 ||   102

Levels and vault maps discovered:
D:1:      dpeg_arrival_ratfight, layout_basic, dk_noncrumbling_3,
          kennysheep_boxes
D:2:      layout_basic, kennysheep_cross_room, chequers_serial_rivers_small_3,
          hangedman_abyss_or_decor_lesser_grid, minmay_fountain_box,
          hangedman_decor_opposing, chequers_serial_rivers_micro_b,
          minmay_misc_feat_square, minmay_3d_cube, uniq_natasha, uniq_jessica
D:3:      layout_basic, lemuel_doored_altar, nicolae_yredelemnul_ghost_church,
          shapermc_ecumenical_altar_venn, st_stairs_8
D:4:      layout_loops_ring, minmay_temple_entry_poolview
D:5:      layout_gridville, mainiacjoe_overflow_24_doors, kennysheep_minor_cross
D:6:      layout_layer_cave, overflow_temple_1_default, dk_vineyard_2
D:7:      layout_basic, mainiacjoe_overflow_catwalk, okawaru_ov_weapons_minmay,
          nicolae_ossuary_entry_monument, nicolae_shop_clearance, uniq_pikel

Notes
Turn   | Place    | Note
-------+----------+-------------------------------------------
     0 | D:1      | demibob the Demonspawn Chaos Knight began the quest for the
                  | Orb.
     0 | D:1      | Reached XP level 1. HP: 18/18 MP: 1/1
     7 | D:1      | XOM: potion effect (might)
    77 | D:1      | XOM: butterfly on damage
    79 | D:1      | Reached skill level 3 in Maces & Flails
   232 | D:1      | Gained mutation: A meltable shield of frost defends you.
                  | (SH +4) [demonic ancestry]
   232 | D:1      | Reached XP level 2. HP: 24/24 MP: 2/2
   513 | D:1      | XOM: silly message
   695 | D:1      | XOM: silly message
   959 | D:1      | Gained mutation: You have sharp fingernails. [demonic
                  | ancestry]
   959 | D:1      | Reached XP level 3. HP: 28/29 MP: 3/3
  1256 | D:2      | Reached skill level 1 in Staves
  1303 | D:2      | Noticed Jessica
  1314 | D:2      | Killed Jessica
  1315 | D:2      | Reached skill level 1 in Conjurations
  1342 | D:2      | Gained mutation: A meltable icy envelope protects you from
                  | harm. (AC +4) [demonic ancestry]
  1342 | D:2      | Reached XP level 4. HP: 35/35 MP: 4/4
  1381 | D:2      | Noticed Natasha
  1403 | D:2      | Reached skill level 2 in Staves
  1408 | D:2      | XOM: potion effect (curing)
  1411 | D:2      | Killed Natasha
  1552 | D:2      | Reached skill level 2 in Conjurations
  1555 | D:2      | Reached XP level 5. HP: 41/41 MP: 5/5
  1607 | D:2      | Noticed Natasha
  1613 | D:2      | Killed Natasha
  1614 | D:2      | Reached skill level 3 in Staves
  1795 | D:3      | XOM: divination: magic mapping
  1941 | D:3      | XOM: enchant monster (bad)
  2006 | D:3      | XOM: 6-stop teleportation journey
  2061 | D:3      | Found a sacrificial altar of Ru.
  2122 | D:3      | Reached skill level 1 in Evocations
  2203 | D:3      | Found a runed translucent gate.
  2203 | D:3      | Found a runed translucent gate.
  2203 | D:3      | Found a runed translucent gate.
  2203 | D:3      | Noticed ShellytheWitch's ghost (amateur KoBr)
  2205 | D:3      | Found a basalt altar of Yredelemnul.
  2210 | D:3      | XOM: blink monster(s)
  2230 | D:3      | Gained mutation: You have very sharp fingernails. [demonic
                  | ancestry]
  2230 | D:3      | Reached XP level 6. HP: 44/47 MP: 6/6
  2292 | D:3      | Found a faded altar of an unknown god.
  2377 | D:3      | Reached skill level 4 in Staves
  2387 | D:3      | Reached skill level 3 in Conjurations
  2694 | D:4      | Noticed a sky beast
  2710 | D:4      | Killed a sky beast
  2711 | D:4      | Reached skill level 2 in Evocations
  2790 | D:4      | XOM: smoke on damage
  2791 | D:4      | XOM: polymorph orc wizard -> endoplasm
  2853 | D:4      | Gained mutation: You have a somewhat thin skeletal
                  | structure. (Dex +2, Stealth+) [demonic ancestry]
  2853 | D:4      | Reached XP level 7. HP: 46/52 MP: 7/7
  2930 | D:4      | Found a staircase to the Ecumenical Temple.
  2989 | D:4      | Reached skill level 5 in Staves
  3317 | D:4      | XOM: give mutations
  3317 | D:4      | Gained mutation: You are agile. (Dex +4, Str/Int -1) [Xom's
                  | grace]
  3317 | D:4      | Gained mutation: You are somewhat resistant to further
                  | mutation. [Xom's grace]
  3317 | D:4      | Gained mutation: Your muscles are strong. (Str +4, Int/Dex
                  | -1) [Xom's grace]
  3424 | D:5      | Entered Level 5 of the Dungeon
  3453 | D:5      | XOM: scenery: summon butterflies
  3469 | D:5      | XOM: confuse monster(s)
  3504 | D:5      | Reached skill level 3 in Evocations
  3608 | D:5      | Reached skill level 4 in Conjurations
  3804 | D:5      | XOM: fog
  3872 | D:5      | XOM: give mutation
  3872 | D:5      | Gained mutation: You expend magic power (3 MP) to
                  | strengthen your wands. [Xom's grace]
  3891 | D:5      | XOM: summons 3 friendly demons
  4193 | D:5      | Reached XP level 8. HP: 57/58 MP: 8/8
  4395 | D:6      | XOM: confusion (+ monsters)
  4446 | D:6      | Found a radiant altar of Vehumet.
  4556 | D:6      | XOM: noise
  4722 | D:6      | XOM: butterfly on damage
  4738 | D:6      | Reached skill level 6 in Staves
  5117 | D:6      | XOM: chaos cloud
  5119 | D:6      | Reached skill level 4 in Evocations
  5138 | D:6      | XOM: summons 8 friendly demons
  5287 | D:6      | Identified the +5 ring mail of the Impish God {rF+ rN+++
                  | Str+3 Stlth-}
  5738 | D:7      | Found a sand-covered staircase.
  5745 | D:7      | Identified the +0 robe of Dishonesty {rF+ Will+ Dex+3}
  5751 | D:7      | Noticed a manticore
  5763 | D:7      | XOM: confuse monster(s)
  5768 | D:7      | XOM: noise
  5769 | D:7      | XOM: 2-stop teleportation journey
  5776 | D:7      | XOM: confusion
  5779 | D:7      | XOM: enchant monster (bad)
  5786 | D:7      | Reached skill level 5 in Conjurations
  5795 | D:7      | Noticed a green ugly thing
  5800 | D:7      | XOM: polymorph green ugly thing -> white ugly thing
  5803 | D:6      | Identified a potion of resistance
  5845 | D:7      | XOM: confusion
  5854 | D:7      | HP: 6/87 [manticore (5)]
  5858 | D:7      | Slain by a manticore

Vanquished Creatures
  A sky beast (D:4)
  2 ogres (D:6)
  A scorpion (D:4)
  2 wights (D:7)
  A bombardier beetle (D:5)
  4 hounds
  A gnoll bouda (D:3)
  2 jellies
  2 iguanas (D:5)
  A sleepcap (D:6)
  Jessica (D:2)
  Natasha (twice) (D:2)
  An orc wizard (D:4)
  11 gnolls
  A river rat (D:2)
  8 adders
  4 ufetubi
  2 adder zombies (D:3)
  2 dart slugs
  A ribbon worm (D:2)
  7 orcs
  6 ball pythons
  7 endoplasms
  2 giant cockroaches (D:2)
  8 goblins
  9 hobgoblins
  7 jackals
  5 kobolds
  5 quokkas
  8 bats
  2 frilled lizards
  10 rats
126 creatures vanquished.

Vanquished Creatures (collateral kills)
  2 ogres
  A gnoll sergeant (D:6)
  4 gnolls (D:4)
  An adder (D:2)
  An endoplasm (D:4)
  A goblin (D:2)
  A frilled lizard (D:2)
11 creatures vanquished.

Vanquished Creatures (others)
  An orc wizard (D:3)
1 creature vanquished.

Grand Total: 138 creatures vanquished

Table legend: (Time is in decaauts)
 A = Elapsed time spent in this place.
 B = Non-inter-level travel time spent in this place.
 C = Inter-level travel time spent in this place.
 D = Time resting spent in this place.
 E = Time spent auto-exploring this place.
 F = Levels seen in this place.
 G = Mean time per level.
                   A        B        C        D        E       F      G
               +--------+--------+--------+--------+--------+-----+--------+
         Total |   6040 |   5854 |    186 |    105 |   4352 |   7 |  862.9 |
       Dungeon |   6040 |   5854 |    186 |    105 |   4352 |   7 |  862.9 |
               +--------+--------+--------+--------+--------+-----+--------+

Top non-repeatable levels by time:
     D:6: 1361 daAuts
     D:1: 1118 daAuts
     D:5: 994 daAuts
     D:3: 933 daAuts
     D:4: 804 daAuts
     D:2: 730 daAuts
     D:7: 98 daAuts

Table legend:
 A = Non-vault XP
 B = Vault XP
 C = Vault XP percentage of total XP
 D = Non-vault monster count
 E = Vault monster count
 F = Vault count percentage of total count
                 A         B        C        D         E       F
            +---------+---------+-------+---------+---------+-------
      Total |    1945 |     147 |   7.0 |     122 |      16 |  11.6
            +---------+---------+-------+---------+---------+-------
        D:1 |      37 |       5 |  11.9 |      20 |       5 |  20.0
        D:2 |     120 |     102 |  45.9 |      27 |       7 |  20.6
        D:3 |     232 |      40 |  14.7 |      25 |       4 |  13.8
        D:4 |     448 |       0 |   0.0 |      22 |       0 |   0.0
        D:5 |     455 |       0 |   0.0 |      13 |       0 |   0.0
        D:6 |     503 |       0 |   0.0 |      13 |       0 |   0.0
        D:7 |     150 |       0 |   0.0 |       2 |       0 |   0.0
            +---------+---------+-------+---------+---------+-------
